 Dungeon Crawl Stone Soup version 0.27.1 (webtiles) character file.

Game seed: 6569399374906640756

91426 Amplified the Warrior (level 15, -6/139 HPs)
             Began as a Palentonga Summoner on Sept 1, 2021.
             Was the Champion of Kikubaaqudgha.
             Killed from afar by a deep elf zephyrmancer (21 damage)
             ... with a bolt of lightning
             ... on level 1 of the Elven Halls on Sept 2, 2021.
             The game lasted 01:02:25 (21656 turns).

Amplified the Warrior (Palentonga Summoner)        Turns: 21656, Time: 01:02:25

Health: -6/139     AC: 24    Str: 16    XL:     15   Next: 55%
Magic:  29/29      EV: 11    Int: 29    God:    Kikubaaqudgha [******]
Gold:   365        SH:  0    Dex: 22    Spells: 28/35 levels left

rFire    + + +     SeeInvis +   e - +6 broad axe "Yqoojum" {vorpal, Fragile Int+8 Dex+9 Stlth-}
rCold    + . .     Faith    .   (no shield)
rNeg     + . .     Spirit   .   F - +1 ring mail "Egadenk" {rF+ Regen+}
rPois    +         Reflect  .   (helmet restricted)
rElec    .         Harm     .   a - +2 cloak "Udats" {Contam Rampage rPois}
rCorr    +         Rampage  +   b - +2 pair of gloves
Will     +....                  (no barding)
Stlth    +.........             i - amulet "Othrarphu" {RegenMP rF+ Regen+ Int+4}
HPRegen  2.33/turn              G - ring of Sokuzaz {rF+ rC+ rCorr Str+2}
MPRegen  0.46/turn              u - ring "Baimechi" {Fly rPois rN+ AC+4}

@: about to teleport, flying, curled up
A: large, rugged brown scales 3, see invisible, deformed body, roll 1, armoured
tail, reflexive curl, horns 1, noise suppression
a: Rolling Charge, Renounce Religion, Receive Corpses, Torment, Brand Weapon
With Pain, Receive Forbidden Knowledge


You were on level 1 of the Elven Halls.
You worshipped Kikubaaqudgha.
Kikubaaqudgha was exalted by your worship.
You visited 4 branches of the dungeon, and saw 24 of its levels.
You also visited: Trove, Bailey and Gauntlet.

You collected 2445 gold pieces.
You spent 2080 gold pieces at shops.

Inventory:

Hand Weapons
 d - the +6 demon whip "Ipnoq" {venom, rElec SInv}
   (You bought it in a shop on level 2 of the Orcish Mines)

   It poisons the flesh of those it strikes.
   rElec:     It insulates you from electricity.
   SInv:      It lets you see invisible.
 e - the +6 broad axe "Yqoojum" (weapon) {vorpal, Fragile Int+8 Dex+9 Stlth-}
   (You acquired it on level 4 of the Dungeon)

   It inflicts extra damage upon your enemies.
   Int:       It affects your intelligence (+8).
   Dex:       It affects your dexterity (+9).
   Fragile:   It will be destroyed if unequipped.
   Stlth:     It makes you less stealthy.
 L - a +9 double sword of freezing
Armour
 a - the +2 cloak "Udats" (worn) {Contam Rampage rPois}
   (You found it in a Gauntlet)

   rPois:     It protects you from poison.
   Contam:    It causes magical contamination when unequipped.
   Rampage:   It bestows one free step when moving towards enemies.
 b - a +2 pair of gloves (worn)
 f - a +0 helmet
 h - a scarf of repulsion
 F - the +1 ring mail "Egadenk" (worn) {rF+ Regen+}
   (You found it on level 9 of the Dungeon)

   rF:        It protects you from fire.
   Regen:     It increases your rate of health regeneration.
Jewellery
 i - the amulet "Othrarphu" (around neck) {RegenMP rF+ Regen+ Int+4}
   (You acquired it on level 2 of the Dungeon)

   [amulet of magic regeneration]

   It increases your rate of magic regeneration.
   Int:       It affects your intelligence (+4).
   rF:        It protects you from fire.
   Regen:     It increases your rate of health regeneration.
 p - the ring "Jeahib" {rPois MP+9 EV+4}
   (You found it in a treasure trove)

   [ring of evasion]

   EV:        It affects your evasion (+4).
   rPois:     It protects you from poison.
   MP:        It affects your magic capacity (+9).
 u - the ring "Baimechi" (right hand) {Fly rPois rN+ AC+4}
   (You acquired it on level 11 of the Dungeon)

   [ring of protection]

   AC:        It affects your AC (+4).
   rPois:     It protects you from poison.
   rN:        It protects you from negative energy.
   Fly:       It grants you flight.
 G - the ring of Sokuzaz (left hand) {rF+ rC+ rCorr Str+2}
   (You found it in a treasure trove)

   [ring of protection from cold]

   Str:       It affects your strength (+2).
   rF:        It protects you from fire.
   rC:        It protects you from cold.
   rCorr:     It protects you from acid and corrosion.
 I - the ring "Jurphih" {rF+++ MP+9 AC+4 Str+6 Slay-2}
   (You found it in a treasure trove)

   [ring of protection]

   AC:        It affects your AC (+4).
   Str:       It affects your strength (+6).
   Slay:      It affects your accuracy & damage with ranged weapons and melee
   (-2).
   rF:        It renders you almost immune to fire.
   MP:        It affects your magic capacity (+9).
 K - the ring "Iminyibb" {Wiz rElec rC++ Str-5}
   (You found it in a treasure trove)

   [ring of wizardry]

   It improves your spell success rate.
   Str:       It affects your strength (-5).
   rC:        It greatly protects you from cold.
   rElec:     It insulates you from electricity.
 N - the ring "Cuixud" {rC+ rN+ Will+ Str+6}
   (You found it in a treasure trove)

   [ring of strength]

   Str:       It affects your strength (+6).
   rC:        It protects you from cold.
   rN:        It protects you from negative energy.
   Will:      It increases your willpower.
 Q - the ring "Ahom Sayxiha" {rPois rC+}
   (You found it in a treasure trove)

   [ring of poison resistance]

   rC:        It protects you from cold.
   rPois:     It protects you from poison.
Wands
 c - a wand of charming (32)
 y - a wand of mindburst (15)
 z - a wand of iceblast (25)
 D - a wand of digging (2)
Scrolls
 g - a scroll of enchant weapon
 m - a scroll of silence
 o - 7 scrolls of identify
 q - 2 scrolls of holy word
 r - 5 scrolls of immolation
 t - 4 scrolls of amnesia
 B - 4 scrolls of teleportation
 H - 2 scrolls of magic mapping
 M - a scroll of enchant armour
Potions
 s - 2 potions of flight
 v - 2 potions of lignification
 x - 5 potions of curing
 A - 3 potions of brilliance
 C - 2 potions of mutation
 E - a potion of cancellation
Miscellaneous
 j - a phial of floods (inert)
 J - a piece from Xom's chessboard (13/15)


   Skills:
 * Level 15.6 Fighting
 * Level 13.1 Axes
 * Level 4.2 Armour
 * Level 4.6 Dodging
 - Level 1.2 Stealth
 - Level 10.8 Spellcasting
 - Level 8.5 Conjurations
 - Level 3.2 Summonings
 - Level 11.4 Necromancy
 - Level 4.3 Fire Magic


You had 28 spell levels left.
You knew the following spells:

 Your Spells              Type           Power      Damage    Failure   Level
a - Summon Small Mammal   Summ           100%       N/A       1%          1
b - Foxfire               Conj/Fire      100%       2x1d9     1%          1
c - Fireball              Conj/Fire      26%        3d12      12%         5

Your spell library contained the following spells:

 Spells                   Type           Power      Damage    Failure   Level
 Magic Dart               Conj           100%       1d8       1%          1
 Pain                     Necr           100%       1d9       1%          1
 Corpse Rot               Necr/Air       N/A        N/A       1%          2
 Searing Ray              Conj           100%       3d7       1%          2
 Sublimation of Blood     Necr           35%        N/A       1%          2
 Conjure Flame            Conj/Fire      52%        6-21      1%          3
 Vampiric Draining        Necr           35%        2d11      1%          3
 Animate Dead             Necr           35%        N/A       1%          4
 Dispel Undead            Necr           70%        3d24      1%          4
 Excruciating Wounds      Necr           35%        N/A       1%          5
 Call Imp                 Summ           34%        N/A       2%          2
 Call Canine Familiar     Summ           34%        N/A       4%          3
 Sticky Flame             Conj/Fire      52%        2d7       4%          4
 Mephitic Cloud           Conj/Pois/Air  32%        N/A       5%          3
 Beastly Appendage        Tmut           30%        N/A       6%          1
 Corona                   Hex            16%        N/A       6%          1
 Death Channel            Necr           35%        N/A       9%          6
 Blink                    Tloc           N/A        N/A       10%         2
 Ensorcelled Hibernation  Hex/Ice        30%        N/A       10%         2
 Wereblood                Tmut           15%        N/A       10%         2
 Summon Guardian Golem    Hex/Summ       25%        N/A       10%         3
 Ignite Poison            Fire/Tmut/Pois 24%        N/A       11%         3
 Fulminant Prism          Conj/Hex       20%        3d13      11%         4
 Confusing Touch          Hex            15%        N/A       19%         3
 Lesser Beckoning         Tloc           7%         N/A       19%         3
 Spider Form              Tmut/Pois      7%         N/A       19%         3
 Tukima's Dance           Hex            15%        N/A       19%         3
 Bolt of Magma            Conj/Fire/Erth 20%        4d10      28%         5
 Irradiate                Conj/Tmut      20%        3d20      28%         5
 Summon Lightning Spire   Summ/Air       25%        N/A       30%         4
 Simulacrum               Ice/Necr       24%        N/A       65%         6
 Orb of Destruction       Conj           30%        9d11      83%         7
 Manifold Assault         Tloc           15%        N/A       86%         5
 Yara's Violent Unravell  Hex/Tmut       7%         3d5       86%         5
 Spellforged Servitor     Conj/Summ      25%        N/A       99%         7
 Eringya's Noxious Bog    Tmut/Pois      7%         N/A       100%        6
 Dragon Form              Tmut           7%         N/A       100%        7
 Lehudib's Crystal Spear  Conj/Erth      20%        10d6      100%        8


Dungeon Overview and Level Annotations

Branches:
Dungeon (15/15) Temple (0/1) D:7 Lair (6/6) D:11 Swamp (0/4) Lair:3 Spider (0/4) Lair:2 Slime (0/5) Lair:5 Orc (2/2) D:10 Elf (1/3) Orc:2 Vaults (0/5) D:12 D:13 Depths (0/5) D:15 Bailey (visited) Gauntlet (visited)

Altars:
Kikubaaqudgha
The Shining One

Shops:
D:2 :   D:3 *   D:9 *   D:11 !:(   D:14 ?   D:15 *   Orc:2 [(=((

Annotations:
D:2 1 runed translucent door, Crazy Yiuf
D:5 Hold acquires, trove ahead?
D:7 exclusion: ice statue
D:15 3 runed translucent doors, Jabberih's ghost, adept OpTm; MadAsgardian's ghost, journeyman TrMo; Midghuumi's ghost, journeyman GrBe; TuffENuff's ghost, journeyman FoFi
Elf:1 Aizul


Innate Abilities, Weirdness & Mutations

You are completely covered in rugged brown scales. (AC +3, +7% HP)
You have supernaturally acute eyesight. (SInv)
Armour fits poorly on your strangely shaped body.
You can roll at nearby foes to attack.
You have a long armoured tail.
You curl defensively after being hit.
You have a pair of small horns on your head.
You passively dampen the noise of your surroundings.


Message History

The deep elf knight points at you and mumbles some strange words.
The lance of force hits you.
You are knocked back by the lance of force.
You slam into the rock wall!
A deep elf zephyrmancer comes into view.
It is wielding a +0 dagger.
The deep elf zephyrmancer gestures at you while chanting.
The bolt of lightning hits you!!!
The deep elf knight shoots an arrow.
The arrow misses the deep elf knight.
The arrow hits you!
The deep elf zephyrmancer gestures at you while chanting.
The bolt of lightning hits you!
* * * LOW HITPOINT WARNING * * *
You are too injured to fight recklessly!
Unknown command.
Okay, then.
Okay, then.
As you read the scroll of teleportation, it crumbles to dust.
You feel strangely unstable.
The deep elf knight shoots an arrow.
The arrow barely misses the deep elf knight.
The arrow hits you!
* * * LOW HITPOINT WARNING * * *
The deep elf zephyrmancer hits you but does no damage.
The deep elf zephyrmancer gestures at you while chanting.
The bolt of lightning hits you!!
* * * LOW HITPOINT WARNING * * *
Unknown command.
Unknown command.
Unknown command.
Okay, then.
Unknown command.
Roll where?
Press: ? - help, Dir - move target, f - deep elf zephyrmancer
Aim: a deep elf zephyrmancer, wielding a +0 dagger and wearing a +0 chain mail You roll forward with a clatter of scales!
You barely miss the deep elf zephyrmancer.
You tail-slap the deep elf zephyrmancer.
The deep elf zephyrmancer is lightly wounded.
The deep elf zephyrmancer points at you and mumbles some strange words.
The bolt of lightning hits you!!
You die...
Kikubaaqudgha rasps: "You have failed me!
Welcome... death!"

##### ##...##
##.....##
##.......##
######.........#
####.@e.'........##
+..☼○####.......##
+...e# ##.....##
####e# ##...##
#e#######''#
#..........#
#########ee# #..##
#...#


You could see 2 deep elf knights and 2 deep elf zephyrmancers.

Vanquished Creatures
  Rupert (D:13)
  Kirke (D:12)
  Agnes (D:15)
  A dire elephant (Lair:6)
  Josephine (D:15)
  Erolcha (D:10)
  5 boulder beetles
  3 hydras
  A catoblepas (Lair:6)
  Erica (D:8)
  8 centaur warriors
  A death knight (D:13)
  8 death yaks (Lair:6)
  A deep troll shaman (Lair:6)
  2 two-headed ogres
  3 orc high priests (Orc:2)
  A tengu warrior (D:15)
  A skeletal warrior (D:13)
  Nergalle (D:10)
  5 orc knights
  5 deep elf pyromancers
  A wizard (Gauntlet)
  A necromancer (Gauntlet)
  2 deep elf zephyrmancers (Elf:1)
  A mana viper (shapeshifter) (D:13)
  6 ugly things
  4 orc sorcerers (Orc:2)
  2 oklob plants (Lair:1)
  8 cyclopes
  A wolf spider (D:13)
  6 manticores
  15 elephants
  2 black mambas
  A centaur zombie (D:10)
  A torpor snail (Gauntlet)
  2 gargoyles (D:11)
  A kobold demonologist (D:12)
  An unseen horror (D:12)
  14 cane toads
  A yaktaur (D:13)
  Psyche (D:11)
  A yaktaur (shapeshifter) (D:13)
  4 rime drakes
  4 komodo dragons
  A freezing wraith (D:14)
  A jumping spider (shapeshifter) (D:12)
  4 trolls
  5 polar bears
  4 blink frogs
  11 dream sheep
  16 slime creatures
  Sigmund (D:4)
  2 centaur simulacra
  8 wraiths
  A spriggan (D:12)
  A wyvern (Lair:1)
  A yak (shapeshifter) (D:15)
  26 yaks
  2 shadows
  2 steam dragons
  16 humans
  9 basilisks
  4 vampire mosquitoes
  4 wargs (D:11)
  11 water moccasins
  An acid dragon (D:13)
  23 orc warriors
  3 sky beasts
  3 black bears
  An ice beast (D:5)
  A necrophage (D:5)
  10 centaurs
  6 ogres
  27 wolves
  3 phantoms
  9 bullfrogs
  2 kobold brigands (D:7)
  3 scorpions
  2 earth elementals (Elf:1)
  A water moccasin skeleton (D:4)
  5 killer bees
  7 howler monkeys
  2 electric eels
  A jelly (Lair:5)
  A gnoll shaman (D:7)
  17 orc priests
  A centaur skeleton (D:7)
  A hound (D:6)
  2 iguanas
  30 orc wizards
  A killer bee zombie (D:8)
  2 howler monkey zombies (D:8)
  Robin (D:3)
  11 gnolls
  8 adders
  6 white imps
  6 dart slugs
  56 orcs
  5 ball pythons
  2 bats
  9 endoplasms
  2 giant cockroaches (D:2)
  19 goblins
  14 hobgoblins
  7 jackals
  7 quokkas
  3 frilled lizards (D:1)
  37 kobolds
  7 rats
627 creatures vanquished.

Vanquished Creatures (collateral kills)
  An adder (D:3)
  A giant cockroach (D:1)
  A goblin (D:1)
  A kobold (D:1)
  A rat (D:1)
5 creatures vanquished.

Vanquished Creatures (others)
  A deep elf knight (Elf:1)
  An unseen horror (D:11)
  3 humans (D:12)
  41 foxfires
  18 fungi
  39 plants
103 creatures vanquished.

Grand Total: 735 creatures vanquished

Notes
Turn   | Place    | Note
-------+----------+-------------------------------------------
     0 | D:1      | Amplified the Palentonga Summoner began the quest for the
                  | Orb.
     0 | D:1      | Reached XP level 1. HP: 13/13 MP: 3/3
    31 | D:1      | Got the Handbook of Hurtful Curses
   141 | D:1      | Reached skill level 1 in Fighting
   303 | D:1      | Reached XP level 2. HP: 16/23 MP: 1/5
   434 | D:1      | Reached skill level 2 in Fighting
  1085 | D:1      | Reached XP level 3. HP: 23/29 MP: 6/6
  1447 | D:1      | Reached skill level 3 in Fighting
  1696 | D:2      | Noticed a scorpion
  1919 | D:2      | Learned a level 1 spell: Foxfire
  2105 | D:2      | Found a faded altar of an unknown god.
  2136 | D:2      | Became a worshipper of Kikubaaqudgha
  2136 | D:2      | Reached * piety under Kikubaaqudgha
  2136 | D:2      | Received a gift from Kikubaaqudgha
  2147 | D:2      | Reached XP level 4. HP: 15/37 MP: 7/7
  2546 | D:2      | Found Ostrej's Book Shop.
  2639 | D:2      | Reached skill level 1 in Conjurations
  2681 | D:2      | Reached skill level 1 in Fire Magic
  2745 | D:2      | Identified a scroll of acquirement
  2745 | D:2      | Acquired the amulet "Othrarphu" {RegenMP rF+ Regen+ Int+4}
  2905 | D:2      | Killed a scorpion
  2906 | D:2      | Reached XP level 5. HP: 21/44 MP: 8/8
  2983 | D:2      | Found a runed translucent door.
  2984 | D:2      | Noticed Crazy Yiuf
  3310 | D:3      | Found Viemme's General Store.
  3325 | D:3      | Bought a potion of heal wounds for 55 gold pieces
  3357 | D:3      | You are sucked into a shaft and drop 1 floor!
  3357 | D:4      | Noticed Sigmund
  3357 | D:4      | Noticed an ogre
  3360 | D:4      | Acquired the +6 broad axe "Yqoojum" {vorpal, Fragile Int+8
                  | Dex+9 Stlth-}
  3373 | D:5      | Entered Level 5 of the Dungeon
  3378 | D:5      | Reached skill level 4 in Fighting
  3379 | D:5      | Reached ** piety under Kikubaaqudgha
  3419 | D:5      | Noticed a necrophage
  3423 | D:5      | Killed a necrophage
  3424 | D:5      | Reached skill level 1 in Axes
  3424 | D:5      | Reached XP level 6. HP: 40/51 MP: 9/9
  3603 | D:5      | Noticed an ice beast
  3674 | D:5      | Killed an ice beast
  3711 | D:5      | Gained mutation: You curl defensively after being hit.
                  | [Palentonga growth]
  3711 | D:5      | Reached XP level 7. HP: 58/58 MP: 8/10
  4047 | D:3      | Noticed Robin
  4059 | D:3      | Killed Robin
  4060 | D:3      | Reached skill level 5 in Fighting
  4462 | D:4      | Killed Sigmund
  4463 | D:4      | Reached XP level 8. HP: 67/67 MP: 11/11
  4543 | D:3      | Reached *** piety under Kikubaaqudgha
  4543 | D:3      | Received a gift from Kikubaaqudgha
  5117 | D:6      | Reached skill level 6 in Fighting
  5402 | D:6      | Reached skill level 1 in Necromancy
  5670 | D:7      | Noticed a two-headed ogre
  5754 | D:7      | Reached XP level 9. HP: 52/75 MP: 13/13
  5776 | D:7      | Found a staircase to the Ecumenical Temple.
  5794 | D:7      | Reached skill level 5 in Axes
  5991 | D:7      | Killed a two-headed ogre
  5992 | D:7      | Reached skill level 7 in Fighting
  6270 | D:7      | Noticed an ice statue
  6580 | D:7      | Reached **** piety under Kikubaaqudgha
  6836 | D:8      | Noticed Erica
  6845 | D:8      | Killed Erica
  6846 | D:8      | Reached skill level 8 in Fighting
  6846 | D:8      | Reached XP level 10. HP: 44/85 MP: 15/17
  7001 | D:9      | Noticed a cyclops
  7006 | D:9      | Reached skill level 5 in Spellcasting
  7010 | D:9      | Found a flagged portal.
  7026 | Bailey   | Entered a bailey
  7048 | Bailey   | Gained mutation: You are weak. (Str -2) [potion of
                  | mutation]
  7049 | Bailey   | Lost mutation: You are weak. (Str -2) [potion of mutation]
  7049 | Bailey   | Gained mutation: You are agile. (Dex +2) [potion of
                  | mutation]
  7049 | Bailey   | Gained mutation: You passively dampen the noise of your
                  | surroundings. [potion of mutation]
  7049 | Bailey   | Lost mutation: You are agile. (Dex +2) [potion of mutation]
  7049 | Bailey   | Gained mutation: You have a pair of small horns on your
                  | head. [potion of mutation]
  7167 | Bailey   | Reached skill level 5 in Necromancy
  7343 | D:9      | Killed a cyclops
  7511 | D:9      | Reached ***** piety under Kikubaaqudgha
  7622 | D:9      | Found Nuoxkem's Island Escapes.
  7630 | D:9      | Bought 3 scrolls of teleportation for 99 gold pieces
  7630 | D:9      | Bought a scroll of teleportation for 33 gold pieces
  7630 | D:9      | Bought a scroll of blinking for 82 gold pieces
  7630 | D:9      | Bought a potion of invisibility for 88 gold pieces
  7630 | D:9      | Bought a potion of invisibility for 88 gold pieces
  7630 | D:9      | Bought a potion of invisibility for 88 gold pieces
  7828 | D:9      | Identified the +1 ring mail "Egadenk" {rF+ Regen+}
  7871 | D:10     | Entered Level 10 of the Dungeon
  8142 | D:10     | Found a staircase to the Orcish Mines.
  8309 | D:10     | Noticed Erolcha
  8345 | D:10     | Killed Erolcha
  8346 | D:10     | Reached skill level 9 in Fighting
  8398 | D:10     | Found a glowing golden altar of the Shining One.
  8506 | D:10     | Noticed Nergalle
  8525 | D:10     | Killed Nergalle
  8533 | D:11     | Noticed a gargoyle
  8543 | D:11     | Reached XP level 11. HP: 54/95 MP: 20/20
  8630 | D:11     | Found a portal to a secret trove of treasure.
  8656 | D:11     | Acquired the ring "Baimechi" {Fly rPois rN+ AC+4}
  8664 | D:11     | You paid a toll of 2 scrolls of acquirement to enter a
                  | treasure trove
  8665 | Trove    | Entered a treasure trove
  8667 | Trove    | Identified the ring "Jeahib" {rPois MP+9 EV+4}
  8671 | Trove    | Identified the ring of Sokuzaz {rF+ rC+ rCorr Str+2}
  8673 | Trove    | Identified the amulet "Fudinaze" {Acrobat Harm SInv}
  8676 | Trove    | Identified the ring "Jurphih" {rF+++ MP+9 AC+4 Str+6
                  | Slay-2}
  8680 | Trove    | Identified the ring "Iminyibb" {Wiz rElec rC++ Str-5}
  8683 | Trove    | Identified the amulet of the Zebra {Faith rPois}
  8686 | Trove    | Identified the ring of the Dropbear {Ice +Blink Int+2
                  | Dex+4}
  8688 | Trove    | Identified the ring "Cuixud" {rC+ rN+ Will+ Str+6}
  8695 | Trove    | Identified the ring "Ahom Sayxiha" {rPois rC+}
  8726 | D:11     | Found a staircase to the Lair.
  8756 | D:11     | Noticed a centaur warrior
  8768 | D:11     | Killed a centaur warrior
  8781 | D:11     | Found Toerali's Antique Weapon Emporium.
  8888 | D:11     | Identified the +0 dagger of Ugiliat {pain, Will++ Str+4}
  8948 | D:11     | Noticed Psyche
  8963 | D:11     | Killed Psyche
  9205 | D:11     | Found Beosu's Distillery.
  9266 | D:11     | Bought a potion of curing for 36 gold pieces
  9266 | D:11     | Bought a potion of might for 48 gold pieces
  9533 | D:11     | Found Jobelupt's Book Shop.
  9578 | D:12     | Noticed a six-headed hydra
  9596 | D:13     | Noticed a centaur warrior
  9596 | D:13     | Noticed a boulder beetle
  9596 | D:13     | Noticed Rupert
  9596 | D:13     | Noticed an orc knight
  9596 | D:13     | Noticed a deep elf pyromancer
  9596 | D:13     | Found a gate to the Vaults.
  9682 | D:12     | Noticed Kirke
  9693 | D:12     | Killed Kirke
  9694 | D:12     | Reached skill level 10 in Fighting
  9697 | D:12     | Found a gate leading to a gauntlet.
  9705 | Gauntlet | Entered a Gauntlet
  9705 | Gauntlet | Found a transporter.
  9712 | Gauntlet | Found a transporter.
  9712 | Gauntlet | Noticed a wizard
  9714 | Gauntlet | Found a transporter.
  9719 | Gauntlet | Found a runed translucent door.
  9719 | Gauntlet | Found a runed translucent door.
  9720 | Gauntlet | Noticed a necromancer
  9724 | Gauntlet | Found a transporter.
  9727 | Gauntlet | Found a transporter.
  9734 | Gauntlet | Found a runed translucent door.
  9737 | Gauntlet | Found a transporter.
  9750 | Gauntlet | Noticed an eight-headed hydra
  9754 | Gauntlet | Noticed a balrug
  9756 | Gauntlet | Found a runed translucent gate.
  9757 | Gauntlet | Found a transporter.
  9757 | Gauntlet | Found a runed translucent gate.
  9758 | Gauntlet | Found a runed translucent gate.
  9768 | Gauntlet | Found a transporter.
  9776 | Gauntlet | Found a runed translucent door.
  9779 | Gauntlet | Found a transporter.
  9779 | Gauntlet | Noticed an obsidian statue
  9780 | Gauntlet | Noticed a sea snake
  9780 | Gauntlet | a swamp worm changed into a sea snake
  9798 | Gauntlet | Found a transporter.
  9812 | Gauntlet | Found a transporter.
  9855 | Gauntlet | Found a runed translucent door.
  9855 | Gauntlet | Noticed a harpy
  9856 | Gauntlet | Noticed a fire dragon
  9858 | Gauntlet | Found a transporter.
  9861 | Gauntlet | a harpy changed into a black mamba
  9868 | Gauntlet | Noticed a glowing orange brain
  9868 | Gauntlet | an elephant changed into a glowing orange brain
  9871 | Gauntlet | Noticed a six-headed hydra
  9871 | Gauntlet | a fire dragon changed into a six-headed hydra
  9872 | Gauntlet | Found a transporter.
  9969 | Gauntlet | Killed a wizard
 10007 | Gauntlet | Killed a necromancer
 10052 | Gauntlet | Killed an eight-headed hydra
 10053 | Gauntlet | Reached XP level 12. HP: 53/104 MP: 11/23
 10066 | Gauntlet | Identified the +2 cloak "Udats" {Contam Rampage rPois}
 10096 | Gauntlet | Identified the +1 plate armour "Ankusax" {rElec rF- rN+}
 10096 | Gauntlet | Identified the +0 kite shield of the Planets {Contam rN+++
                  | Dex-5 Slay+5}
 10096 | Gauntlet | Noticed a minotaur
 10162 | Gauntlet | Got the Almanac of Changing
 10275 | D:12     | Noticed Snorg
 10539 | D:12     | Noticed Snorg
 10539 | D:12     | Snorg changed into Snorg the spriggan
 10542 | D:12     | Killed Snorg the spriggan
 10938 | D:12     | Reached skill level 11 in Fighting
 11048 | Lair:1   | Entered Level 1 of the Lair of Beasts
 11063 | Lair:1   | Learned a level 5 spell: Fireball
 11539 | Lair:1   | Reached skill level 10 in Axes
 11612 | Lair:1   | Reached skill level 5 in Conjurations
 12312 | Lair:2   | Found a hole to the Spider Nest.
 13012 | Lair:3   | Reached skill level 12 in Fighting
 13073 | Lair:3   | Found a staircase to the Swamp.
 13074 | Lair:3   | Noticed an eight-headed hydra
 13208 | Orc:1    | Entered Level 1 of the Orcish Mines
 13369 | Orc:2    | Entered Level 2 of the Orcish Mines
 13434 | Orc:2    | Found Gitegeonn's Antique Armour Shoppe.
 13437 | Orc:2    | Bought a shimmering leather armour for 182 gold pieces
 13437 | Orc:2    | Identified the +4 leather armour of Fun and Games {Will-
                  | Dex+5} (You bought it in a shop on level 2 of the Orcish
                  | Mines)
 13700 | D:13     | Reached XP level 13. HP: 113/115 MP: 26/26
 13926 | Lair:3   | Got Sif Muna's Compendium of Transformation and Evil Rites
 14517 | Lair:5   | Found a staircase to the Slime Pits.
 14684 | Lair:5   | Reached skill level 10 in Necromancy
 14804 | Lair:5   | Noticed Urug
 14813 | Lair:5   | Noticed Urug
 14813 | Lair:5   | Urug changed into Urug the cane toad
 14815 | Lair:5   | Killed Urug the cane toad
 15087 | Lair:6   | Entered Level 6 of the Lair of Beasts
 15200 | Lair:6   | Reached skill level 13 in Fighting
 15696 | Lair:6   | Reached skill level 10 in Spellcasting
 16173 | Lair:6   | Reached XP level 14. HP: 80/127 MP: 28/28
 16246 | Lair:6   | Identified the +1 leather armour "Ihuzuseun" {Harm rC-
                  | Int+4 SInv}
 16570 | Lair:4   | Reached skill level 14 in Fighting
 16837 | Lair:4   | Reached ****** piety under Kikubaaqudgha
 17355 | Orc:2    | Paralysed by an orc sorcerer for 6 turns
 17555 | Orc:2    | Paralysed by an orc sorcerer for 6 turns
 17564 | Orc:2    | Found Akegakki's Antique Weapon Shoppe.
 17564 | Orc:2    | Found Ilotz's Weapon Boutique.
 17564 | Orc:2    | Found Samiuffo's Antique Weapon Shoppe.
 17564 | Orc:2    | Found Veqeun's Jewellery Boutique.
 17708 | Orc:2    | Paralysed by an orc sorcerer for 3 turns
 17857 | Orc:2    | Found a staircase to the Elven Halls.
 17999 | Orc:2    | Bought a translucent demon whip for 480 gold pieces
 17999 | Orc:2    | Identified the +6 demon whip "Ipnoq" {venom, rElec SInv}
                  | (You bought it in a shop on level 2 of the Orcish Mines)
 19182 | D:13     | Reached skill level 1 in Armour
 19214 | D:13     | Reached skill level 15 in Fighting
 19448 | D:13     | Killed Rupert
 19581 | D:13     | Reached XP level 15. HP: 122/138 MP: 29/29
 19796 | D:14     | Found Ohyqang's Magic Scroll Boutique.
 19806 | D:14     | Bought a scroll of fear for 38 gold pieces
 19806 | D:14     | Bought a scroll of teleportation for 33 gold pieces
 19806 | D:14     | Bought a scroll of magic mapping for 38 gold pieces
 19806 | D:14     | Bought a scroll of silence for 82 gold pieces
 19814 | D:15     | Entered Level 15 of the Dungeon
 20336 | D:14     | Found a glowing golden altar of the Shining One.
 20527 | D:15     | Found a runed translucent gate.
 20573 | D:15     | Found Bewasur's Assorted Antiques.
 20581 | D:15     | Bought a scroll of blinking for 247 gold pieces
 20581 | D:15     | Bought a scroll of teleportation for 99 gold pieces
 20581 | D:15     | Bought a potion of mutation for 264 gold pieces
 20647 | D:15     | Noticed Josephine
 20662 | D:15     | Killed Josephine
 20700 | D:15     | Noticed Agnes
 20718 | D:15     | Killed Agnes
 21003 | D:15     | Found a staircase to the Depths.
 21110 | D:15     | Found a runed translucent gate.
 21112 | D:15     | Found a runed translucent gate.
 21112 | D:15     | Noticed Jabberih's ghost (adept OpTm)
 21112 | D:15     | Noticed MadAsgardian's ghost (journeyman TrMo)
 21113 | D:15     | Noticed TuffENuff's ghost (journeyman FoFi)
 21113 | D:15     | Noticed Midghuumi's ghost (journeyman GrBe)
 21468 | Elf:1    | Entered Level 1 of the Elven Halls
 21556 | Elf:1    | Noticed Aizul
 21656 | Elf:1    | Killed from afar by a deep elf zephyrmancer

Illustrated notes

Levels and vault maps discovered:
D:1:      saegor_arrival_under_anarchy, layout_basic, lexackson_kobold_supper
D:2:      layout_loops_ring, dreamdust_ecumenical_altar_angels_and_demons,
          serial_shops, shop, uniq_crazy_yiuf_cottage
D:3:      layout_loops_ring, serial_forest, infiniplex_forest_clump_double,
          infiniplex_forest_clump_long, infiniplex_forest_end_2,
          infiniplex_forest_straight_3, infiniplex_forest_lined_3_way,
          infiniplex_forest_lined_corner, infiniplex_forest_straight_5,
          serial_shops, shop_fountains, uniq_robin
D:4:      layout_rooms, uniq_sigmund
D:5:      cheibrodos_iron_armory, layout_basic
D:6:      layout_gridville, minivault_24
D:7:      lemuel_ice_statue, layout_basic, minmay_temple_entry_stoned_glass
D:8:      layout_rooms, uniq_erica
D:9:      layout_gridville, enter_bailey_5, nicolae_island_escapes
D:10:     layout_irregular_city, kennysheep_little_box, orc_0_dummy,
          uniq_erolcha, uniq_nergalle
D:11:     layout_long_grid, lair_entry_dummy, serial_shops,
          nicolae_inconvenience_store, kennysheep_mini, nicolae_shop_stone,
          nicolae_trove_entry_crossroad, nooodl_orcs_dogs, uniq_psyche
D:12:     layout_irregular_city, gauntlet_entry_generic, uniq_kirke, uniq_snorg
D:13:     evilmike_diamond_2, layout_cave_pools, david_vaults_3,
          ebering_dispersal_statue_hall, kennysheep_generic_room_2
D:14:     layout_rooms, serial_shops, shop, nicolae_tso_carved_into_rock
D:15:     hangedman_depths_entry_try_elsewhere_first, layout_irregular_city,
          serial_shops, shop, gammafunk_ghost_cemetery,
          chequers_serial_rivers_large_b, uniq_josephine, uniq_agnes
Lair:1:   layout_gridlike, infiniplex_staircase_pool, minmay_lair_oklob_chamber
Lair:2:   layout_cave_pods, spider_nest_entry_web_field, beast_lair_carwin_10,
          serial_bayou_shore_b
Lair:3:   layout_concentric_octagons, minmay_swamp_entry_reptiles, minmay_holes,
          grunt_megastairs_3
Lair:4:   layout_long_grid
Lair:5:   layout_misc_corridors, minmay_slime_entry_pillars, uniq_urug
Lair:6:   grunt_lair_end_beastmaster, layout_hall_layers,
          kennysheep_basilisk_garden
Orc:1:    layout_caves
Orc:2:    grunt_orc_tribal_feast, layout_caves, serial_shops,
          nicolae_shop_behind_doors
Elf:1:    nicolae_elf_arrival_fired_up, layout_gridlike,
          minmay_elf_annihilation, grunt_ministairs_13, uniq_louise,
          uniq_roxanne, uniq_aizul

Skill      XL: |  1  2  3  4  5  6  7  8  9 10 11 12 13 14 15 |
---------------+----------------------------------------------+-----
Fighting       | 1 2 3 4 5 6 8 9 10 12 13 15 | 15.6
Conjurations   | 1 2 3 4 5 7 8 |  8.5
Fire Magic     | 1 2 3 4 |  4.3
Axes           | 1 2 3 4 6 8 9 10 11 12 13 | 13.1
Necromancy     | 1 4 6 8 9 10 11 | 11.4
Spellcasting   | 4 6 7 9 10 | 10.8
Armour         | 2 4 |  4.2
Dodging        | 2 4 |  4.6
Stealth        | |  1.2
Summonings     | |  3.2

Action                   |  1- 3 |  4- 6 |  7- 9 | 10-12 | 13-15 || total
-------------------------+-------+-------+-------+-------+-------++-------
Melee: Short sword       |   127 |    86 |       |       |       ||   213
       Unarmed           |     8 |       |       |       |       ||     8
       Tailslap          |    10 |    10 |    30 |   106 |   220 ||   376
       Broad axe         |       |    21 |   237 |   539 |   993 ||  1790
       Headbutt          |       |       |       |   134 |   307 ||   441
Throw: Throwing net      |       |       |       |     1 |       ||     1
       Dart              |       |       |       |     4 |       ||     4
 Cast: Summon Small Mamm |    19 |     1 |       |     2 |       ||    22
       Foxfire           |       |    15 |     9 |       |       ||    24
Invok: Receive Corpses   |       |       |       |     6 |     1 ||     7
       Torment           |       |       |       |     2 |     1 ||     3
 Abil: Rolling Charge    |       |    18 |       |    11 |    12 ||    41
Evoke: Wand              |       |       |     8 |    18 |    27 ||    53
       Piece from Xom's  |       |       |       |     7 |     4 ||    11
       Phial of floods   |       |       |       |     1 |     2 ||     3
  Use: Potion            |     1 |     2 |     2 |    20 |    15 ||    40
       Scroll            |       |     4 |     5 |    13 |    23 ||    45
 Stab: Sleeping          |     2 |       |     1 |       |       ||     3
       Distracted        |       |       |       |     1 |       ||     1
       Invisible         |       |       |       |     2 |     1 ||     3
       Petrified         |       |       |       |       |    22 ||    22
       Petrifying        |       |       |       |       |     3 ||     3
       Fleeing           |       |       |       |       |     1 ||     1
Armor: Robe              |    47 |       |       |       |       ||    47
       Leather armour    |    15 |    42 |   170 |    67 |       ||   294
       Ring mail         |       |       |       |   307 |   903 ||  1210
       Skin              |       |       |       |       |     5 ||     5
Dodge: Dodged            |    73 |    56 |   167 |   354 |   544 ||  1194
